 Dungeon Crawl Stone Soup version 0.31-a0-180-g519b7de00c (webtiles) character file.

Game seed: 8155439099290041180

1463 qw the Blocker (level 8, -2/48 HPs)
             Began as a Gargoyle Fighter on June 19, 2023.
             Was an Initiate of Okawaru.
             Slain by a wight
             ... wielding a +3 flail
              (11 damage)
             ... on level 6 of the Dungeon.
             The game lasted 00:03:13 (5079 turns).

qw the Blocker (Gargoyle Fighter)                   Turns: 5079, Time: 00:03:13

Health: -2/48      AC: 23    Str: 22    XL:     8   Next: 77%
Magic:  8/8        EV:  9    Int:  9    God:    Okawaru [......]
Gold:   73         SH: 14    Dex:  9    Spells: 7/7 levels left

rFire   + . .        Y - +0 broad axe
rCold   + . .        u - +0 tower shield
rNeg    + . .        e - +0 plate armour
rPois   inf          b - +2 helmet
rElec   +            w - scarf {rC+ rF+}
rCorr   .            i - +2 pair of gloves
SInv    .            (no boots)
Will    .....        (no amulet) Stlth
                     v - +5 ring of evasion
HPRegen 0.28/turn    (no ring)
MPRegen 0.11/turn

%: no passive effects
@: about to teleport
A: sickness immunity, AC +5, negative energy resistance 1, electricity
resistance, torment resistance 1, petrification resistance
a: Renounce Religion


You were on level 6 of the Dungeon.
You worshipped Okawaru.
Okawaru was noncommittal.
You visited 2 branches of the dungeon, and saw 7 of its levels.
You also visited: Sewer.

You collected 191 gold pieces.
You spent 118 gold pieces at shops.


Innate Abilities, Weirdness & Mutations

You are immune to sickness and miasma.
Your stone body is resilient. (AC +5)
You are immune to poison.
You resist negative energy. (rN+)
You are resistant to electric shocks. (rElec)
You are resistant to unholy torment.
You are immune to petrification.


   Skills:
 - Level 4.6 Fighting
 - Level 6.0 Axes
 - Level 3.8 Armour
 + Level 9.1 Shields


You had 7 spell levels left.
You didn't know any spells.
Your spell library was empty.

Inventory:

Hand Weapons
 t - the +6 flail of Neblent {pain, rPois Will+ Str+3 Int-2}
   (You found it on level 4 of the Dungeon)

   Str:       It affects your strength (+3).
   Int:       It affects your intelligence (-2).
   rPois:     It protects you from poison.
   Will:      It increases your willpower.
 y - a +0 flail
 Y - a +0 broad axe (weapon)
Armour
 b - a +2 helmet (worn)
 e - a +0 plate armour (worn)
 i - a +2 pair of gloves (worn)
 p - a +1 cloak
 u - a +0 tower shield (worn)
 w - a scarf of resistance (worn)
Jewellery
 v - a +5 ring of evasion (left hand)
Scrolls
 s - a scroll of identify
Potions
 a - 2 potions of haste
 d - 2 potions of might
 h - a potion of curing
 j - a potion of attraction
 k - a potion of cancellation
 l - a potion of mutation
 m - 2 potions of lignification
 n - a potion of resistance
 o - a potion of degeneration {unknown}
 q - a potion of invisibility {unknown}
 r - a potion of heal wounds
 x - 2 potions of enlightenment

Dungeon Overview and Level Annotations

Branches:
Dungeon (6/15)             Temple (1/1) D:6           Sewer (visited)

Altars:
Ashenzari
Cheibriados
Dithmenos
Elyvilon
Fedhas
Gozag
Kikubaaqudgha
Makhleb
Nemelex Xobeh
Okawaru
Qazlal
Ru
Sif Muna
Trog
Uskayaw
Vehumet
Wu Jian
Xom
Yredelemnul
Zin
The Shining One

Shops:
D:4 *


Message History

You closely miss the gnoll bouda. You hit the wight.
The gnoll hits you from afar with a +0 spear.
You block the gnoll bouda's attack. You block the gnoll's attack.
You block the wight's attack.
The gnoll hits you with a +3 whip of draining.
You barely miss the wight.
The wight is moderately damaged.
You closely miss the gnoll. You hit the gnoll bouda.
The gnoll barely misses you.
The gnoll bouda hits you but does no damage.
You block the gnoll's attack. You block the wight's attack.
The gnoll hits you with a +3 whip of draining.
The gnoll hits you but does no damage. You block the gnoll bouda's attack.
The wight hits you but does no damage. The gnoll hits you but does no damage.
You slash the wight!
The wight is severely damaged.
You hit the gnoll but do no damage.
You hit the gnoll bouda but do no damage.
The gnoll hits you with a +3 whip of draining.
The gnoll hits you but does no damage. You block the gnoll's attack.
The gnoll bouda calls upon its god to heal the gnoll.
The gnoll's wounds heal themselves!
You block the wight's attack.
The gnoll hits you with a +3 whip of draining.
You hit the wight.
The wight is almost destroyed.
You barely miss the gnoll bouda. You hit the gnoll.
You block the gnoll's attack. x2; You block the gnoll bouda's attack.
The wight hits you but does no damage.
The gnoll hits you with a +3 whip of draining.
The wight hits you but does no damage.
The gnoll hits you from afar with a +0 spear.
The gnoll bouda hits you but does no damage.
You block the gnoll's attack.
5079 ||| READING scroll of teleportation.
As you read the scroll of teleportation, it crumbles to dust.
You feel strangely unstable.
You block the gnoll's attack. x2; The gnoll barely misses you.
The gnoll bouda hits you but does no damage.
The wight hits you with a +3 flail!
You die...

#.# ....... ..## #.#
....... ... #.# .......
..# #.# ..... ..### #.#
.... #g#.. #.# #g.
#.#.#########.#
#.z###.#.##........#
##.#.g@.#.#.##.########
......g..g.......#
......~~~~~......#
....~~~~~~~~~....#######
..~~~~~~~~~~~~~.........
.~~~~~~~~~~~~~~~.#######
.~~~~~~...~~~~~~........
.~~~~~~.>........#######
~~~~~~...~~~~~~.#


You could see a gnoll bouda, a wight and 3 gnolls.

Vanquished Creatures
  Grinder (D:4)
  An ogre (D:4)
  3 kobold brigands (Sewer)
  Blork the orc (D:4)
  4 scorpions (D:5)
  4 wights (D:6)
  A hound (D:6)
  An orc priest (D:4)
  2 iguanas (D:5)
  Ijyb (D:4)
  A sleepcap (D:5)
  Robin (D:2)
  14 adders
  3 river rats
  An ufetubus (D:4)
  4 worms
  A dart slug (D:4)
  6 orcs
  14 ball pythons
  8 endoplasms
  4 giant cockroaches (D:3)
  16 goblins
  11 hobgoblins
  3 jackals (D:2)
  12 kobolds
  6 quokkas
  7 bats
  3 frilled lizards
  12 rats
146 creatures vanquished.

Notes
Turn   | Place    | Note
-------+----------+-------------------------------------------
     0 | D:1      | qw the Gargoyle Fighter began the quest for the Orb.
     0 | D:1      | Reached XP level 1. HP: 14/14 MP: 1/1
     0 | D:1      | 0 ||| qw: Version: 0.3-a-7-ge0c9b40
     0 | D:1      | 0 ||| qw: Game counter: 1073
     0 | D:1      | 0 ||| qw: Always use a shield: true
     0 | D:1      | 0 ||| qw: God list: Okawaru
     0 | D:1      | 0 ||| qw: Allow faded altars: false
     0 | D:1      | 0 ||| qw: Do Orc after D:15 true
     0 | D:1      | 0 ||| qw: Do second Lair branch before Depths: true
     0 | D:1      | 0 ||| qw: Lair rune preference: random
     0 | D:1      | 0 ||| qw: Plans: Normal, Zot:1-4, Slime:5, God:TSO, Crypt,
                  | Tomb, Abyss, Pan, Hells, Win
     0 | D:1      | 0 ||| PLANNING D:1-11
    86 | D:1      | 86 ||| DROPPING +0 club.
   160 | D:1      | Reached XP level 2. HP: 19/19 MP: 2/2
   501 | D:1      | You fall into a shaft and drop 1 floor!
   544 | D:2      | 544 ||| Stepping ~*~*~tactically~*~*~ (stealth).
   545 | D:2      | 545 ||| Stepping ~*~*~tactically~*~*~ (stealth).
   546 | D:2      | 546 ||| Stepping ~*~*~tactically~*~*~ (stealth).
   601 | D:2      | Reached skill level 3 in Axes
   609 | D:2      | Reached XP level 3. HP: 20/23 MP: 3/3
   620 | D:2      | 620 ||| UPGRADING to +0 plate armour.
   630 | D:2      | 630 ||| DROPPING +0 scale mail.
   631 | D:2      | 631 ||| UPGRADING to +0 pair of gloves.
   636 | D:2      | 636 ||| READING scroll labelled GAULUI GYEM.
   637 | D:2      | 637 ||| READING scroll labelled BADEKHEUPN.
   638 | D:2      | 638 ||| DRINKING 2 purple potions.
   639 | D:2      | 639 ||| DRINKING 3 fizzy purple potions.
   948 | D:2      | 948 ||| Stepping ~*~*~tactically~*~*~ (stealth).
   958 | D:2      | Noticed Robin
   959 | D:2      | 959 ||| Stepping ~*~*~tactically~*~*~ (stealth).
   971 | D:2      | Killed Robin
  1012 | D:2      | 1012 ||| Stepping ~*~*~tactically~*~*~ (stealth).
  1014 | D:2      | 1014 ||| Stepping ~*~*~tactically~*~*~ (stealth).
  1043 | D:2      | Reached XP level 4. HP: 28/28 MP: 4/4
  1197 | D:2      | 1197 ||| Stepping ~*~*~tactically~*~*~ (stealth).
  1388 | D:2      | 1388 ||| Stepping ~*~*~tactically~*~*~ (stealth).
  1414 | D:2      | 1414 ||| Stepping ~*~*~tactically~*~*~ (stealth).
  1415 | D:2      | 1415 ||| Stepping ~*~*~tactically~*~*~ (stealth).
  1430 | D:2      | 1430 ||| UPGRADING to +2 helmet.
  1435 | D:2      | 1435 ||| UPGRADING to +1 cloak.
  1440 | D:2      | 1440 ||| READING scroll labelled MUDAEZ LOSTRU.
  1441 | D:2      | 1441 ||| READING scroll labelled TEUSYD LOXOEROCK.
  1446 | D:2      | 1446 ||| READING scroll labelled QOYP XICLIQAF.
  1447 | D:2      | 1447 ||| DRINKING 2 metallic puce potions.
  1476 | D:3      | 1476 ||| PLANNING SEWER
  1501 | D:3      | Reached XP level 5. HP: 30/32 MP: 5/5
  1525 | D:3      | Found a glowing drain.
  1577 | D:3      | 1577 ||| Stepping ~*~*~tactically~*~*~ (water).
  1581 | Sewer    | Entered a sewer
  1674 | Sewer    | 1674 ||| Stepping ~*~*~tactically~*~*~ (hiding).
  1879 | Sewer    | Noticed a kobold brigand
  1880 | Sewer    | 1880 ||| Stepping ~*~*~tactically~*~*~ (hiding).
  1898 | Sewer    | Killed a kobold brigand
  1899 | Sewer    | Reached XP level 6. HP: 35/39 MP: 6/6
  2152 | Sewer    | 2152 ||| Stepping ~*~*~tactically~*~*~ (water).
  2223 | Sewer    | Reached skill level 6 in Axes
  2223 | Sewer    | Reached XP level 7. HP: 42/44 MP: 7/7
  2278 | Sewer    | 2278 ||| Stepping ~*~*~tactically~*~*~ (hiding).
  2281 | Sewer    | 2281 ||| Stepping ~*~*~tactically~*~*~ (hiding).
  2336 | Sewer    | 2336 ||| DRINKING 2 fizzy emerald potions.
  2362 | D:3      | 2362 ||| PLANNING D:1-11
  2383 | D:3      | Found a faded altar of an unknown god.
  2390 | D:3      | 2390 ||| Stepping ~*~*~tactically~*~*~ (stealth).
  2497 | D:3      | 2497 ||| READING scroll of enchant armour.
  2497 | D:3      | 2497 ||| ENCHANTING +0 pair of gloves.
  2606 | D:3      | Found a stormy altar of Qazlal.
  2608 | D:3      | Noticed a fire elemental
  2775 | D:3      | Noticed an air elemental
  2776 | D:3      | Noticed a water elemental
  2974 | D:3      | 2974 ||| UPGRADING to +0 tower shield.
  2984 | D:3      | 2984 ||| DROPPING +0 buckler.
  2985 | D:3      | 2985 ||| UPGRADING to +5 ring of evasion.
  2986 | D:3      | 2986 ||| READING 2 scrolls labelled YBERPH TUNKIUGA.
  2987 | D:3      | 2987 ||| READING scroll labelled DYCOCIGRAL.
  2988 | D:3      | 2988 ||| READING scroll labelled FUOGENUAVVI.
  2989 | D:3      | 2989 ||| DRINKING 2 sapphire potions.
  3063 | D:4      | Noticed Blork the orc
  3065 | D:4      | Noticed Ijyb
  3079 | D:4      | Killed Ijyb
  3082 | D:4      | Killed Blork the orc
  3083 | D:4      | Reached skill level 4 in Shields
  3132 | D:4      | Identified the +6 flail of Neblent {pain, rPois Will+ Str+3
                  | Int-2}
  3164 | D:4      | 3164 ||| Stepping ~*~*~tactically~*~*~ (hiding).
  3166 | D:4      | 3166 ||| Stepping ~*~*~tactically~*~*~ (hiding).
  3390 | D:4      | Found Weowk's CLEARANCE SALE!.
  3394 | D:4      | 3394 ||| BUYING potion of enlightenment (10 gold).
  3394 | D:4      | Bought a potion of enlightenment for 10 gold pieces
  3394 | D:4      | 3394 ||| BUYING scroll of acquirement (104 gold).
  3394 | D:4      | Bought a scroll of acquirement for 104 gold pieces
  3394 | D:4      | 3394 ||| BUYING scroll of identify (4 gold).
  3394 | D:4      | Bought a scroll of identify for 4 gold pieces
  3394 | D:4      | 3394 ||| DROPPING +0 whip.
  3395 | D:4      | 3395 ||| READING scroll of acquirement.
  3395 | D:4      | 3395 ||| ACQUIRING +1 war axe of distortion
  3395 | D:4      | Acquired a +1 war axe of distortion
  3428 | D:4      | Found a blossoming altar of Fedhas.
  3436 | D:4      | 3436 ||| Stepping ~*~*~tactically~*~*~ (hiding).
  3439 | D:4      | 3439 ||| Stepping ~*~*~tactically~*~*~ (hiding).
  3440 | D:4      | 3440 ||| Stepping ~*~*~tactically~*~*~ (hiding).
  3547 | D:4      | Found a shimmering blue altar of Sif Muna.
  3571 | D:4      | Reached skill level 5 in Shields
  3687 | D:4      | Noticed Grinder
  3688 | D:4      | 3688 ||| Stepping ~*~*~tactically~*~*~ (hiding).
  3689 | D:4      | 3689 ||| Stepping ~*~*~tactically~*~*~ (hiding).
  3700 | D:4      | Paralysed by Grinder for 4 turns
  3705 | D:4      | 3705 ||| Stepping ~*~*~tactically~*~*~ (hiding).
  3707 | D:4      | 3707 ||| Stepping ~*~*~tactically~*~*~ (hiding).
  3714 | D:4      | Killed Grinder
  3715 | D:4      | Reached skill level 6 in Shields
  3715 | D:4      | Reached XP level 8. HP: 34/48 MP: 8/8
  3874 | D:4      | 3874 ||| UPGRADING to scarf of resistance.
  3884 | D:4      | 3884 ||| READING scroll labelled YHAUTHR ZIFEWK.
  3885 | D:4      | 3885 ||| READING 3 scrolls of identify.
  3885 | D:4      | 3885 ||| IDENTIFYING cyan potion
  3886 | D:4      | 3886 ||| READING 2 scrolls of identify.
  3886 | D:4      | 3886 ||| IDENTIFYING fuming pink potion
  3887 | D:4      | 3887 ||| DROPPING potion of ambrosia.
  3901 | D:5      | Entered Level 5 of the Dungeon
  3966 | D:5      | 3966 ||| READING scroll of enchant armour.
  3966 | D:5      | 3966 ||| ENCHANTING +1 pair of gloves.
  4024 | D:5      | Reached skill level 7 in Shields
  4142 | D:5      | 4142 ||| SWAPPING to +0 broad axe.
  4143 | D:5      | 4143 ||| DROPPING +1 war axe of distortion.
  4144 | D:5      | 4144 ||| DROPPING +0 war axe.
  4182 | D:5      | Identified the +4 rapier of Emiusaor {flame, rElec rC+
                  | Dex-5}
  4538 | D:5      | Reached skill level 8 in Shields
  4629 | D:5      | 4629 ||| READING scroll labelled IFROT PATOCK.
  4630 | D:5      | 4630 ||| READING 3 scrolls of identify.
  4630 | D:5      | 4630 ||| IDENTIFYING golden potion
  4631 | D:5      | 4631 ||| READING 2 scrolls of identify.
  4631 | D:5      | 4631 ||| IDENTIFYING murky blue potion
  4655 | D:6      | 4655 ||| STAIRDANCE
  4755 | D:6      | Found a staircase to the Ecumenical Temple.
  4756 | D:6      | 4756 ||| PLANNING TEMPLE
  4771 | Temple   | Entered the Ecumenical Temple
  4772 | Temple   | 4772 ||| PLANNING OKAWARU WORSHIP
  4995 | Temple   | Became a worshipper of Warmaster Okawaru
  4996 | Temple   | 4996 ||| PLANNING D:1-11
  5053 | D:6      | 5053 ||| Stepping ~*~*~tactically~*~*~ (stealth).
  5054 | D:6      | 5054 ||| Stepping ~*~*~tactically~*~*~ (stealth).
  5075 | D:6      | Reached skill level 9 in Shields
  5078 | D:6      | HP: 11/48 [gnoll/+3 whip of draining[a gnoll bouda] (6)]
  5079 | D:6      | 5079 ||| READING scroll of teleportation.
  5079 | D:6      | Slain by a wight

Levels and vault maps discovered:
D:1:      spicycebolla_arrival_xxxplode, layout_rooms, chequers_mini_garden
D:2:      minmay_diamond_boxcup, layout_rooms, minmay_close_crescents,
          uniq_robin
D:3:      layout_loops_ring, nicolae_qazlal_style_of_elements,
          portal_sewer_entry_a, basic_ecumenical_altar
D:4:      layout_cave_pools, fedhas_altar_3, mainiacjoe_overflow_cross_hatched,
          nicolae_shop_clearance, uniq_grinder, uniq_ijyb, uniq_blork_the_orc
D:5:      layout_basic
D:6:      minmay_general_purpose_star, layout_basic, temple_pool_b, uniq_duvessa
Temple:   eino_narrow_crystal_temple

Skill      XL: |  1  2  3  4  5  6  7  8 |
---------------+-------------------------+-----
Axes           | 2 3 4 5 6 |  6.0
Fighting       | 4 |  4.6
Shields        | 6 9 |  9.1
Armour         | |  3.8

Action                     |  1- 3 |  4- 6 |  7- 9 || total
---------------------------+-------+-------+-------++-------
  Melee: War axe           |    98 |   258 |   167 ||   523
         Broad axe         |       |       |    69 ||    69
    Use: Scroll            |     2 |     3 |    13 ||    18
         Potion            |     2 |     1 |     2 ||     5
 Armour: Scale mail        |    29 |       |       ||    29
         Plate armour      |    23 |   188 |   131 ||   342
  Dodge: Dodged            |    37 |    80 |    68 ||   185
  Block: Buckler           |    18 |    35 |    14 ||    67
         Tower shield      |       |       |   130 ||   130

Table legend:
 A = Non-vault XP
 B = Vault XP
 C = Vault XP percentage of total XP
 D = Non-vault monster count
 E = Vault monster count
 F = Vault count percentage of total count
                 A         B        C        D         E       F
            +---------+---------+-------+---------+---------+-------
      Total |    1138 |     953 |  45.6 |      83 |      63 |  43.2
            +---------+---------+-------+---------+---------+-------
        D:1 |      28 |       0 |   0.0 |      18 |       0 |   0.0
        D:2 |      39 |      87 |  69.0 |      16 |      25 |  61.0
        D:3 |      62 |      36 |  36.7 |      18 |       7 |  28.0
        D:4 |     202 |     399 |  66.4 |      17 |       3 |  15.0
        D:5 |     476 |       0 |   0.0 |       9 |       0 |   0.0
        D:6 |     331 |       0 |   0.0 |       5 |       0 |   0.0
      Sewer |       0 |     431 | 100.0 |       0 |      28 | 100.0
            +---------+---------+-------+---------+---------+-------
